 Dungeon Crawl Stone Soup version 0.26-a0-818-g75db068ed4 (webtiles) character file.

Game seed: 8748930718799243339

1783 marklar909 the Ruffian (level 8, 0/67 HPs)
             Began as a Grey Draconian Transmuter on Nov 14, 2020.
             Was an Initiate of Makhleb.
             Succumbed to a hornet's poison
             ... on level 4 of the Dungeon.
             The game lasted 00:11:16 (7049 turns).

marklar909 the Ruffian (Grey Draconian Transmuter)  Turns: 7049, Time: 00:11:16

Health: 0/67       AC: 11    Str: 12 (14) XL:     8   Next: 81%
Magic:  11/11      EV: 14    Int: 12 (13) God:    Makhleb [......]
Gold:   221        SH:  0    Dex: 12 (13) Spells: 5/11 levels left

rFire    . . .     SeeInvis .     - Unarmed
rCold    . . .     Faith    .   (no shield)
rNeg     . . .     Spirit   .   (armour unavailable)
rPois    .         Reflect  .   (helmet restricted)
rElec    .         Harm     .   (no cloak)
rCorr    .         Rampage  .   (no gloves)
MR       .....                  (no boots)
Stlth    ++........             (no amulet)
HPRegen  0.21/turn              (no ring)
MPRegen  0.12/turn              (no ring)

@: lethally poisoned (0 -> -16)
A: walk through water, unfitting armour, unbreathing, cold-blooded, AC +11
a: Renounce Religion


You were on level 4 of the Dungeon.
You worshipped Makhleb.
Makhleb was noncommittal.
You visited 2 branches of the dungeon, and saw 7 of its levels.

You collected 221 gold pieces.

Inventory:

Armour
 h - a +0 pair of boots
Jewellery
 i - an uncursed ring of poison resistance {unknown}
 k - an uncursed amulet of faith {unknown}
 r - an uncursed ring of see invisible {unknown}
Wands
 t - a wand of disintegration (18)
Scrolls
 a - 4 scrolls of identify {unknown}
 e - a scroll of teleportation
 f - a scroll of fog {unknown}
 g - a scroll of random uselessness {unknown}
 j - 2 scrolls of amnesia
 m - a scroll of magic mapping {unknown}
 s - a scroll of remove curse {unknown}
 v - a scroll of immolation {unknown}
Potions
 b - a potion of haste
 c - a potion of might
 l - 2 potions of attraction
 n - a potion of lignification


   Skills:
 * Level 4.7 Fighting
 * Level 4.4 Dodging
 + Level 1.8 Stealth
 + Level 6.9 Unarmed Combat
 - Level 2.0 Spellcasting
 * Level 6.0 Transmutations
 + Level 3.5 Poison Magic


You had 5 spell levels left.
You knew the following spells:

 Your Spells              Type           Power        Failure   Level
a - Beastly Appendage     Tmut           ###...       2%          1
b - Wereblood             Tmut           ###.....     3%          2
c - Spider Form           Tmut/Pois      ##........   12%         3

Your spell library contained the following spells:

 Spells                   Type           Power        Failure   Level
 Blade Hands              Tmut           ###.......   54%         5
 Ice Form                 Ice/Tmut       #.......     61%         4


Dungeon Overview and Level Annotations

Branches:
Dungeon (6/15)             Temple (1/1) D:6

Altars:
Ashenzari
Dithmenos
Elyvilon
Fedhas
Gozag
Hepliaklqana
Kikubaaqudgha
Makhleb
Nemelex Xobeh
Okawaru
Qazlal
Ru
Sif Muna
Trog
Vehumet
Wu Jian
Xom
Yredelemnul
The Shining One


Innate Abilities, Weirdness & Mutations

You can walk through water.
Your dull iron-grey scales are very hard. (AC +11)
You cannot fit into any form of body armour.
You can survive without breathing.
You are cold-blooded and may be slowed by cold attacks.


Message History

The hornet stings you but does no damage.
The hornet stings you.
* * * LOW HITPOINT WARNING * * *
You are more poisoned.
It was a potion of cancellation.
Your magical effects are unravelling.
You feel magically purged.
You feel less wooden.
You feel yourself speed up.
You feel yourself slow down.
You feel a little less mighty now.
You feel a little less clever now.
Your resistance to elements expires.
* * * LOW HITPOINT WARNING * * *
You feel sick. The hornet completely misses you.
Okay, then.
As you read the scroll labelled DIMEYH NU BOL, it crumbles to dust.
It is a scroll of amnesia.
Really abort (and waste the scroll)? [Y]es or [N]o only, please.
Really abort (and waste the scroll)?
Okay, then.
You die...

.# ....# #. ..#
#...## ..... #..##
....##..Z.. ##....##
#....#..Z..
##......##
#.....#....
#...##...##
#......... ...#
#...## #......#
...####....###..†M..#
....##..........@...#
......._.........y..#
##.........#######..#
#..........# #.#
#.._..8.._.# ...
##.........# ... #
##.......## ... ##
#..._...# ...
.####....####


You could see a hornet, a mummy, a kobold zombie and an orc zombie.

Vanquished Creatures
  Pikel (D:5)
  Sigmund (D:2)
  An orc warrior (D:6)
  An ice beast (D:5)
  3 ogres
  2 lemures (D:5)
  A bullfrog (D:6)
  A scorpion (D:6)
  A water moccasin zombie (D:6)
  4 wights (D:3)
  A centaur zombie (D:5)
  2 orc priests
  2 bullfrog skeletons
  An orc wizard (D:3)
  Jessica (D:2)
  3 worker ants
  A hound skeleton (D:5)
  A howler monkey skeleton (D:3)
  3 adders
  A white imp (D:6)
  An adder skeleton (D:5)
  5 worms
  2 dart slugs
  7 orcs
  2 ball pythons
  8 bats
  6 giant cockroaches
  9 goblins
  8 hobgoblins
  7 jackals
  10 kobolds
  2 quokkas
  3 frilled lizards
  A leopard gecko skeleton (D:2)
  A quokka skeleton (D:5)
  9 rats
113 creatures vanquished.

Notes
Turn   | Place    | Note
-------+----------+-------------------------------------------
     0 | D:1      | marklar909 the Draconian Transmuter began the quest for the
                  | Orb.
     0 | D:1      | Reached XP level 1. HP: 16/16 MP: 3/3
    72 | D:1      | Reached XP level 2. HP: 12/23 MP: 5/5
   229 | D:1      | Learned a level 2 spell: Wereblood
   732 | D:1      | Reached XP level 3. HP: 25/28 MP: 2/6
  1011 | D:2      | Learned a level 3 spell: Spider Form
  1311 | D:2      | Noticed Sigmund
  1411 | D:2      | Found an ancient bone altar of Kikubaaqudgha.
  2034 | D:3      | Reached XP level 4. HP: 35/36 MP: 5/7
  2459 | D:3      | Reached XP level 5. HP: 23/41 MP: 5/8
  2835 | D:3      | Found a faded altar of an unknown god.
  3383 | D:2      | Noticed Jessica
  3387 | D:2      | Killed Jessica
  3522 | D:2      | Killed Sigmund
  3523 | D:2      | Reached XP level 6. HP: 22/50 MP: 3/9
  4026 | D:2      | Found a glowing golden altar of the Shining One.
  4427 | D:3      | Reached skill level 1 in Poison Magic
  4922 | D:4      | Reached skill level 5 in Unarmed Combat
  4922 | D:4      | Your scales start taking on a dull iron-grey colour.
  4922 | D:4      | Reached XP level 7. HP: 35/57 MP: 6/10
  4922 | D:4      | Gained mutation: You can survive without breathing. [Grey
                  | Draconian growth]
  5048 | D:4      | Noticed a hornet
  5327 | D:4      | Found a basalt altar of Yredelemnul.
  5334 | D:4      | Found a blossoming altar of Fedhas.
  5334 | D:4      | Found a burning altar of Makhleb.
  5373 | D:5      | Entered Level 5 of the Dungeon
  5494 | D:5      | Reached skill level 1 in Stealth
  5766 | D:5      | Noticed Pikel
  5800 | D:5      | Killed Pikel
  5801 | D:5      | Reached skill level 5 in Transmutations
  5801 | D:5      | Reached XP level 8. HP: 62/66 MP: 11/11
  6672 | D:6      | Found a staircase to the Ecumenical Temple.
  6703 | Temple   | Entered the Ecumenical Temple
  6979 | D:4      | Found a glowing golden altar of the Shining One.
  7000 | D:4      | Became a worshipper of Makhleb the Destroyer
  7047 | D:4      | HP: 4/100 [hornet (2)]
  7048 | D:4      | HP: 1/67 [poisoned by a hornet]
  7049 | D:4      | Succumbed to a hornet's poison

Illustrated notes

Levels and vault maps discovered:
D:1:      zelgadis_glass_arrival_small, layout_loops_cross, minmay_hexomino_u4
D:2:      layout_basic, lemuel_crystal_altar, tso_altar, uniq_jessica,
          uniq_sigmund
D:3:      layout_basic, chequers_ecumenical_altar_simple,
          minmay_misc_feat_roman, grunt_decor_cap, kennysheep_generic_room_3
D:4:      layout_layer_cave, grunt_temple_overflow_open, minmay_mini_ossuary
D:5:      layout_basic, uniq_pikel
D:6:      layout_basic, minmay_temple_entry_antechambers
Temple:   jpeg_temple_clearing

Skill      XL: |  1  2  3  4  5  6  7  8 |
---------------+-------------------------+-----
Dodging        | 2 3 4 |  4.4
Transmutations | 3 4 5 6 |  6.0
Fighting       | 2 3 4 |  4.7
Unarmed Combat | 4 5 6 |  6.9
Poison Magic   | 1 3 |  3.5
Stealth        | 1 |  1.8
Spellcasting   | |  2.0

Action                   |  1- 3 |  4- 6 |  7- 9 || total
-------------------------+-------+-------+-------++-------
Melee: Unarmed           |   109 |   145 |   117 ||   371
       Kick              |    19 |    15 |       ||    34
       Headbutt          |    13 |     9 |       ||    22
       Tailslap          |     5 |     4 |       ||     9
 Cast: Beastly Appendage |    20 |    12 |     2 ||    34
       Wereblood         |    11 |    10 |       ||    21
       Spider Form       |       |    12 |    15 ||    27
 Abil: End Transformatio |       |       |     1 ||     1
  Use: Potion            |       |       |    11 ||    11
       Scroll            |       |       |     2 ||     2
 Stab: Sleeping          |       |     1 |       ||     1
Armor: Skin              |    48 |    30 |    17 ||    95
Dodge: Dodged            |    88 |   102 |    83 ||   273

Table legend: (Time is in decaauts)
 A = Elapsed time spent in this place.
 B = Non-inter-level travel time spent in this place.
 C = Inter-level travel time spent in this place.
 D = Time resting spent in this place.
 E = Time spent auto-exploring this place.
 F = Levels seen in this place.
 G = Mean time per level.
                   A        B        C        D        E       F      G
               +--------+--------+--------+--------+--------+-----+--------+
         Total |   7015 |   6592 |    423 |   1549 |   3920 |   7 | 1002.1 |
       Dungeon |   6846 |   6436 |    410 |   1549 |   3765 |   6 | 1141.0 |
        Temple |    168 |    155 |     13 |      0 |    155 |   1 |  168.0 |
               +--------+--------+--------+--------+--------+-----+--------+

Top non-repeatable levels by time:
     D:2: 2206 daAuts
     D:1: 1387 daAuts
     D:3: 1266 daAuts
     D:5: 1027 daAuts
     D:4: 566 daAuts
     D:6: 392 daAuts
  Temple: 168 daAuts
